 Dungeon Crawl Stone Soup version 0.30-b1-5-g8e6c1be481 (webtiles) character file.

Game seed: 2976624790389055872

72 Silvore the Covered (level 4, -2/40 HPs)
             Began as a Minotaur Fighter on May 3, 2023.
             Slain by Terence
             ... wielding a +0 flail
              (7 damage)
             ... on level 2 of the Dungeon.
             The game lasted 00:01:07 (731 turns).

Silvore the Covered (Minotaur Fighter)               Turns: 731, Time: 00:01:08

Health: -2/40      AC:  8    Str: 23    XL:     4   Next: 6%
Magic:  3/3        EV:  9    Int:  5    God:
Gold:   118        SH:  4    Dex:  9    Spells: 3/3 levels left

rFire   . . .        a - +0 long sword
rCold   . . .        c - +0 buckler
rNeg    . . .        b - +1 scale mail
rPois   .            (helmet restricted)
rElec   .            (no cloak)
rCorr   .            (no gloves)
SInv    .            (no boots)
Will    .....        (no amulet) Stlth
                     (no ring)
HPRegen 0.26/turn    (no ring)
MPRegen 0.08/turn

%: no passive effects
@: on berserk cooldown, slowed, very slow
A: horns 2, retaliatory headbutt
a: no special abilities


You were on level 2 of the Dungeon.
You visited 1 branch of the dungeon, and saw 2 of its levels.

You collected 118 gold pieces.

Inventory:

Hand Weapons
 a - a +0 long sword (weapon)
Armour
 b - a +1 scale mail (worn)
 c - a +0 buckler (worn)
Potions
 d - a potion of might


   Skills:
 + Level 4.1 Fighting
 + Level 3.8 Long Blades
 + Level 4.3 Armour
 + Level 0.6 Dodging
 + Level 3.9 Shields


You had 3 spell levels left.
You didn't know any spells.
Your spell library was empty.

Dungeon Overview and Level Annotations

Branches:
Dungeon (2/15)

Altars:

Annotations:
D:2 Terence


Innate Abilities, Weirdness & Mutations

You have a pair of horns on your head.
You reflexively headbutt those who attack you in melee.


Message History

A red film seems to cover your vision as you go berserk!
You feel yourself moving faster!
You feel mighty!
The cerulean imp hits you from afar with a +1 spear.
* * * LOW HITPOINT WARNING * * *
Natasha wildly gestures.
You feel disoriented. Natasha claws you but does no damage.
You closely miss Natasha.
Natasha is almost dead.
You feel yourself speed up.
The cerulean imp hits you from afar with a +1 spear.
* * * LOW HITPOINT WARNING * * *
Natasha casts a spell.
The cerulean imp hits you from afar with a +1 spear.
* * * LOW HITPOINT WARNING * * *
You closely miss Natasha. Your headbutt misses Natasha.
Natasha is almost dead.
Natasha claws you but does no damage.
The cerulean imp hits you from afar with a +1 spear.
* * * LOW HITPOINT WARNING * * *
You slash Natasha!
You kill Natasha!
Natasha yowls pathetically as she dies!
The cerulean imp disappears in a puff of smoke! x2
Your Fighting skill increases to level 4!
You have reached level 4!
You feel stronger. You block the giant cockroach's attack.
You slash the giant cockroach!
You kill the giant cockroach!
You feel a strong urge to attack something.
You are no longer berserk.
You are exhausted.
You feel yourself slow down.
Terence screams, "I'm going to kill you!"
You hit Terence. You headbutt Terence, but do no damage.
Terence is moderately wounded.
Terence closely misses you. You furiously retaliate!
You headbutt Terence. Terence hits you with a +0 flail!
You die...

... #.. .#####
.......#..###......
..............# #
#.#######†#
#.#....#....#
.......#.####
#.##...#.#####.#
#......g@......#
#####...@#######
#.........##
###..###...##
#..##.....###
#...........#
##.##....)#>#
#.###...##.# #.#
##.###.# #.# #.#
#.####.#


You could see Terence and a goblin.

Vanquished Creatures
  Natasha (D:2)
  An adder (D:2)
  A ball python (D:1)
  5 endoplasms (D:1)
  4 giant cockroaches
  9 goblins
  3 hobgoblins (D:1)
  2 bats (D:1)
  5 kobolds (D:1)
  3 rats
34 creatures vanquished.

Notes
Turn   | Place    | Note
-------+----------+-------------------------------------------
     0 | D:1      | Silvore the Minotaur Fighter began the quest for the Orb.
     0 | D:1      | Reached XP level 1. HP: 19/19 MP: 0/0
   181 | D:1      | Reached XP level 2. HP: 26/27 MP: 1/1
   451 | D:1      | Reached XP level 3. HP: 30/33 MP: 2/2
   704 | D:2      | Noticed Natasha
   705 | D:2      | Noticed Terence
   723 | D:2      | Killed Natasha
   724 | D:2      | Reached XP level 4. HP: 4/40 MP: 3/3
   731 | D:2      | Slain by Terence

Illustrated notes

Levels and vault maps discovered:
D:1:      dpeg_arrival_long_road, layout_rooms
D:2:      layout_loops_ring, ebering_ecumenical_altar_mist, uniq_terence,
          uniq_natasha

Skill      XL: |  1  2  3 |
---------------+----------+-----
Armour         | 4 |  4.3
Long Blades    | 3 |  3.8
Fighting       | 4 |  4.1
Dodging        | |  0.6
Shields        | |  3.9

Action                     |  1- 3 |  4- 6 || total
---------------------------+-------+-------++-------
  Melee: Long sword        |    87 |     2 ||    89
         Headbutt          |    12 |     1 ||    13
    Use: Scroll            |     1 |       ||     1
         Potion            |     1 |       ||     1
 Armour: Scale mail        |    59 |       ||    59
  Dodge: Dodged            |    37 |     1 ||    38
  Block: Buckler           |    20 |     1 ||    21
